 Dungeon Crawl Stone Soup version 0.23.0 (webtiles) character file.

Game seed: 3613436412038333728

58 Borgoz the Skirmisher (level 4, -6/36 (39) HPs)
             Began as a Ghoul Monk on Feb 17, 2019.
             Mangled by an orc
             ... wielding a +0 trident
              (8 damage)
             ... on level 3 of the Dungeon.
             The game lasted 00:01:45 (1271 turns).

Borgoz the Skirmisher (Ghoul Monk)                  Turns: 1271, Time: 00:01:46

HP:   -6/36 (39)    AC:  4    Str: 14    XL:     4   Next: 2%
MP:   3/3           EV: 13    Int:  5    God:
Gold: 171           SH:  0    Dex: 12    Spells: 3/3 levels left

rFire    . . .     SeeInvis .   a - +2 dagger (venom)
rCold    + . .     Gourm    .   (no shield)
rNeg     + + +     Faith    .   b - +0 robe
rPois    ∞         Spirit   .   l - +0 helmet
rElec    .         Reflect  .   (no cloak)
rCorr    .         Harm     .   d - +0 pair of gloves
MR       .....                  (no boots)
Stlth    ++........             (no amulet)
HPRegen  0.00/turn              (no ring)
MPRegen  0.08/turn              (no ring)

@: rotting
A: rotting body, claws 1, carnivore, cold resistance 1, negative energy
resistance 3, inhibited regeneration, torment resistance, unbreathing
a: no special abilities


You were on level 3 of the Dungeon.
You were not hungry.

You visited 1 branch of the dungeon, and saw 3 of its levels.

You collected 171 gold pieces.

Inventory:

Hand Weapons
 a - a +2 dagger of venom (weapon)
Armour
 b - a +0 robe (worn)
 d - a +0 pair of gloves (worn)
 l - a +0 helmet (worn)
Scrolls
 e - a scroll of amnesia {unknown}
 i - 3 scrolls of identify {unknown}
 k - a scroll of remove curse {unknown}
 m - a scroll of magic mapping {unknown}
Potions
 g - a potion of heal wounds {unknown}
 h - a potion of lignification {unknown}
 j - 2 potions of curing {unknown}
Comestibles
 c - 3 rations


   Skills:
 + Level 3.6 Fighting
 * Level 3.3 Short Blades
 * Level 3.3 Dodging
 + Level 2.9 Stealth


You had 3 spell levels left.
You didn't know any spells.
Your spell library was empty.

Dungeon Overview and Level Annotations

Branches:
Dungeon (3/15)

Altars:


Innate Abilities, Weirdness & Mutations

Your body is rotting away.
You thrive on raw meat.
You are immune to poison.
You have sharp fingernails.
You are carnivorous and can eat meat at any time.
Your flesh is cold resistant. (rC+)
You are immune to negative energy. (rN+++)
You do not regenerate when monsters are visible.
You are immune to unholy pain and torment.
You can survive without breathing.


Message History

The orc priest hits you with a +0 vampiric whip!
* * * LOW HITPOINT WARNING * * *
You kill the orc priest!
You have reached level 4!
You feel less invigorated.
You feel less confused. The orc barely misses you.
A rat comes into view.
The orc barely misses you. The kobold hits you but does no damage.
You hit the kobold.
The kobold is moderately wounded.
The kobold barely misses you.
The orc hits you from afar with a +0 trident!
* * * LOW HITPOINT WARNING * * *
The kobold hits you with a +0 short sword.
* * * LOW HITPOINT WARNING * * *
You hit the orc but do no damage.
The orc looks even sicker.
The orc is almost dead.
The orc hits you with a +0 trident!
You die...

... .. #.### ...#
#..# ###..#+##
#....>..# #..o))..#
#..K@...# #.......#
##.......###.#.#
#........r.....#
######........###.###
........#'#..##
.#####..#.#...# #.#
#..#.#.#.###.#
#..#.#.#..##.#


You could see an orc, a kobold and a rat.

Vanquished Creatures
  An orc priest (D:3)
  A dart slug (D:1)
  A leopard gecko (D:3)
  An orc (D:3)
  A giant cockroach (D:1)
  6 goblins
  2 hobgoblins
  3 kobolds (D:2)
  A ball python (D:2)
  A bat (D:1)
  5 frilled lizards
  3 rats
26 creatures vanquished.

Notes
Turn   | Place    | Note
-------+----------+-------------------------------------------
     0 | D:1      | Borgoz the Ghoul Monk began the quest for the Orb.
     0 | D:1      | Reached XP level 1. HP: 19/19 MP: 0/0
   353 | D:1      | Reached XP level 2. HP: 26/26 MP: 1/1
   923 | D:2      | Reached XP level 3. HP: 28/28 MP: 2/2
  1266 | D:3      | Reached XP level 4. HP: 10/36 MP: 3/3
  1271 | D:3      | Mangled by an orc

Skill      XL: |  1  2 |
---------------+-------+-----
Short Blades   | 3 |  3.3
Dodging        | 3 |  3.3
Fighting       | |  3.6
Stealth        | |  2.9

Action                   |  1- 3 |  4- 6 || total
-------------------------+-------+-------++-------
Melee: Dagger            |    60 |     2 ||    62
       Short sword       |     1 |       ||     1
  Use: Potion            |     1 |       ||     1
 Stab: Sleeping          |     4 |       ||     4
  Eat: Chunk             |     3 |       ||     3
Armor: Robe              |    11 |     1 ||    12
Dodge: Dodged            |    29 |     3 ||    32
